 Dungeon Crawl Stone Soup version 0.26.1-12-g5ba1501909 (webtiles) character file.

Game seed: 6188896164710818275

82 alasdair19 the Skirmisher (level 4, -2/41 HPs)
             Began as a Hill Orc Fighter on Nov 27, 2021.
             Slain by Sigmund
             ... wielding a +0 scythe
              (6 damage)
             ... on level 2 of the Dungeon.
             The game lasted 00:07:59 (1145 turns).

alasdair19 the Skirmisher (Hill Orc Fighter)        Turns: 1145, Time: 00:08:00

Health: -2/41      AC: 11    Str: 19    XL:     4   Next: 43%
Magic:  4/4        EV:  3    Int:  8    God:
Gold:   125        SH:  9    Dex: 10    Spells: 3/3 levels left

rFire    . . .     SeeInvis .   a - +0 war axe
rCold    . . .     Faith    .   c - +0 kite shield
rNeg     . . .     Spirit   .   g - +0 plate armour
rPois    .         Reflect  .   (no helmet)
rElec    .         Harm     .   (no cloak)
rCorr    .         Rampage  .   (no gloves)
Will     .....                  (no boots)
Stlth    ..........             (no amulet)
HPRegen  0.13/turn              (no ring)
MPRegen  0.09/turn              (no ring)

@: no status effects
A: no striking features
a: no special abilities


You were on level 2 of the Dungeon.
You visited 1 branch of the dungeon, and saw 2 of its levels.

You collected 125 gold pieces.

Inventory:

Hand Weapons
 a - a +0 war axe (weapon)
Armour
 b - a +0 scale mail
 c - a +0 kite shield (worn)
 g - a +0 plate armour (worn)
Scrolls
 e - a scroll of remove curse {unknown}
 i - 2 scrolls of teleportation {unknown}
 l - 3 scrolls of identify
 m - a scroll of random uselessness {unknown}
Potions
 d - a potion of might
 f - 2 potions of mutation {unknown}
 h - a potion of degeneration {unknown}
 j - a potion of ambrosia {unknown}
 k - 2 potions of curing


   Skills:
 + Level 4.4 Fighting
 + Level 3.9 Axes
 + Level 3.6 Armour
 + Level 4.1 Shields


You had 3 spell levels left.
You didn't know any spells.
Your spell library was empty.

Dungeon Overview and Level Annotations

Branches:
Dungeon (2/15)

Altars:
Dithmenos

Annotations:
D:2 Sigmund


Message History

You block Sigmund's attack. The bat barely misses you.
Your plate armour prevents you from hitting Sigmund.
You hit the bat. The bat completely misses you.
Sigmund casts a spell at himself.
Sigmund flickers and vanishes!
Deactivating autopickup; reactivate with Ctrl-A.
Something hits you but does no damage.
You feel better. The bat hits you. The bat hits you but does no damage.
The bat hits you. Something hits you. The bat barely misses you.
Something hits you!
* * * LOW HITPOINT WARNING * * *
Found a hunting sling.
You miss something. You slash the bat!
You kill the bat!
Something hits you but does no damage.
Your plate armour prevents you from hitting something.
You miss something. Something hits you but does no damage.
Your shield prevents you from hitting something.
Something hits you.
You die...

........#...)..
............... ..
............... ..
............... ..
.....#.........
.............#
.#.#.#.....[....#...
......†@.#........#
.#.#.#{...........##
#...#†##..........##
#...#...........####
...$..?#.#...............
....####...........#.####
...###..#....#####.......
..##.......†.#.......†...
# #..##....†.............


There were no monsters in sight!

Vanquished Creatures
  Natasha (D:2)
  An adder (D:2)
  An ooze (D:2)
  A worm (D:2)
  3 dart slugs
  A leopard gecko (D:2)
  A ball python (D:1)
  3 goblins (D:1)
  9 hobgoblins
  2 kobolds (D:1)
  A quokka (D:2)
  4 bats
  4 frilled lizards
  4 rats
36 creatures vanquished.

Notes
Turn   | Place    | Note
-------+----------+-------------------------------------------
     0 | D:1      | alasdair19 the Hill Orc Fighter began the quest for the
                  | Orb.
     0 | D:1      | Reached XP level 1. HP: 19/19 MP: 1/1
    71 | D:1      | Reached XP level 2. HP: 15/27 MP: 2/2
   612 | D:1      | Reached XP level 3. HP: 33/33 MP: 3/3
   886 | D:2      | Noticed Natasha
   906 | D:2      | Killed Natasha
  1048 | D:2      | Reached XP level 4. HP: 40/41 MP: 4/4
  1077 | D:2      | Found a shadowy altar of Dithmenos.
  1120 | D:2      | Noticed Sigmund
  1145 | D:2      | Slain by Sigmund

Illustrated notes

Levels and vault maps discovered:
D:1:      grunt_arrival_lava_bath, layout_basic
D:2:      layout_rooms, nicolae_dithmenos_through_a_glass_darkly, uniq_sigmund,
          uniq_natasha, uniq_crazy_yiuf_cottage

Skill      XL: |  1  2  3  4 |
---------------+-------------+-----
Fighting       | 4 |  4.4
Axes           | 3 |  3.9
Shields        | 4 |  4.1
Armour         | |  3.6

Action                   |  1- 3 |  4- 6 || total
-------------------------+-------+-------++-------
Melee: War axe           |    82 |    29 ||   111
  Use: Scroll            |     2 |       ||     2
       Potion            |       |     2 ||     2
Armor: Scale mail        |     2 |       ||     2
       Plate armour      |    49 |    37 ||    86
Dodge: Dodged            |    13 |     7 ||    20
Block: Kite shield       |    55 |    19 ||    74
